 Dungeon Sprint DCSS version 0.16.1-28-gcc2312f (webtiles) character file.

30 Kidiri the Magician (level 3, -5/20 HPs)
             Began as a Deep Elf Wizard on May 29, 2015.
             Was an Initiate of Sif Muna.
             Slain by Crazy Yiuf
             ... wielding a +4 quarterstaff of chaos
              (8 damage)
             ... in the Dungeon (Sprint VII: "The Pits").
             The game lasted 00:04:23 (341 turns).

Kidiri the Magician (Deep Elf Wizard)                Turns: 341, Time: 00:04:23

Health: -5/20      AC:  2    Str:  4    XL:     3   Next: 5%
Magic:  11/14      EV: 13    Int: 23    God:    Sif Muna [......]
Gold:   0          SH:  0    Dex: 13    Spells: 6 memorised, 1 level left

rFire  . . .     SeeInvis .     k - +2 quarterstaff
rCold  . . .     Clarity  .     a - +0 robe
rNeg   . . .     SustAb   .     (no shield)
rPois  .         Gourm    .     b - +0 hat
rElec  .         Spirit   .     (no cloak)
rCorr  .         Warding  .     (no gloves)
rMut   .         NoTele   +     (no boots)
MR     .....                    (no amulet)
Stlth  ++........               (no ring)
                                (no ring)

@: very slightly contaminated, slowed, very slow, not resistant to hostile
enchantments, unstealthy
A: no striking features
a: Renounce Religion


You were in the Dungeon.
You worshipped Sif Muna.
Sif Muna was noncommittal.
You were not hungry.

You visited 1 branch

Inventory:

Hand weapons
 k - a +2 quarterstaff (weapon)
Armour
 a - a +0 robe (worn)
 b - a +0 hat (worn)
Scrolls
 o - 3 scrolls of remove curse
 p - 5 scrolls of amnesia
 q - a scroll of summoning
Potions
 g - a potion of haste
 h - 2 potions of magic
 i - 3 potions of berserk rage
 n - 2 potions of invisibility
Books
 c - a book of Minor Magic

   Spells                             Type                      Level
   a - Magic Dart                     Conjuration                  1
   b - Blink                          Translocation                2
   c - Call Imp                       Summoning                    2
   d - Repel Missiles                 Charms/Air                   2
   e - Slow                           Hexes                        2
   f - Conjure Flame                  Conjuration/Fire             3
   g - Mephitic Cloud                 Conjuration/Poison/Air       3
Comestibles
 d - 8 bread rations
 l - 40 fruits
 m - 7 meat rations


   Skills:
 + Level 1.2 Fighting
 + Level 3.7 Dodging
 + Level 3.7 Stealth
 * Level 5.9 Spellcasting
 * Level 3.4 Conjurations
 + Level 0.6 Hexes
 + Level 1.1 Charms
 + Level 1.3 Summonings
 + Level 1.2 Translocations
 + Level 0.6 Air Magic


You had one spell level left.
You knew the following spells:

 Your Spells              Type           Power        Failure   Level  Hunger
a - Magic Dart            Conj           ###.         2%          1    None
b - Blink                 Tloc           N/A          10%         2    None
c - Call Imp              Summ           ##......     10%         2    None
d - Repel Missiles        Chrm/Air       ##....       12%         2    None
e - Slow                  Hex            #.......     12%         2    None
f - Conjure Flame         Conj/Fire      ##......     14%         3    #......


Dungeon Overview and Level Annotations

Branches:
Dungeon (1/1)

Altars:
Ashenzari
Cheibriados
Dithmenos
Elyvilon
Fedhas
Kikubaaqudgha
Makhleb
Nemelex Xobeh
Okawaru
Ru
Sif Muna
Trog
Vehumet
Xom
Yredelemnul
Zin
The Shining One
Beogh
Jiyva
Lugonu

Annotations:
D Crazy Yiuf


Message History

You feel yourself slow down.
Drink which item? (? for menu, Esc to quit)
Okay, then.
Read which item? (? for menu, Esc to quit)
Blink to where?
Press: ? - help, Dir - move target cursor, p - Crazy Yiuf You are very lightly contaminated with residual magic.
As you read the scroll of blinking, it crumbles to dust.
Crazy Yiuf says, "Mountain agre King!"
Drink which item? (? for menu, Esc to quit)
Magic courses through your body.
Crazy Yiuf says, "Cod!"
Casting: Call Imp
Confirm with . or Enter, or press ? or * to list all spells.
You blink.
Casting: Blink
Confirm with . or Enter, or press ? or * to list all spells.
You blink.
Crazy Yiuf hits you with a quarterstaff of chaos!
You die...

#__________#
#.#####'##############++
#)))'.'..##...........
#)).#.#?(##......#..#.
#######'#####...........
#........).)'...........
#+#####§#####......#..#.
#..#g.# #...........
#..)§@# ####'#####++
#.5#### #.......#
#..#..# #.......#
#..#§.# #.......#
##5#..#+###...<...#
#........##.......#
#.....†..##.......#
###########.......#
#########


You could see Crazy Yiuf and a friendly crimson imp.

Vanquished Creatures
  A gnoll (D)
  2 giant mites (D)
  An orc (D)
  A hobgoblin (D)
  2 quokkas (D)
  2 bats (D)
9 creatures vanquished.

Notes
Turn   | Place    | Note
--------------------------------------------------------------
     0 | D        | Kidiri, the Deep Elf Wizard, began the quest for the Orb.
     0 | D        | Reached XP level 1. HP: 10/10 MP: 6/6
    16 | D        | Reached skill level 5 in Spellcasting
    27 | D        | Found a sacrificial altar of Ru.
    27 | D        | Found a basalt altar of Yredelemnul.
    27 | D        | Found a shadowy altar of Dithmenos.
    27 | D        | Found a deep blue altar of Sif Muna.
    27 | D        | Found a burning altar of Makhleb.
    27 | D        | Found a shimmering altar of Xom.
    27 | D        | Found an ancient bone altar of Kikubaaqudgha.
    27 | D        | Found a sparkling altar of Nemelex Xobeh.
    28 | D        | Found a glowing golden altar of the Shining One.
    28 | D        | Found a bloodstained altar of Trog.
    28 | D        | Found a shattered altar of Ashenzari.
    28 | D        | Found a white marble altar of Elyvilon.
    28 | D        | Found a snail-covered altar of Cheibriados.
    28 | D        | Found a blossoming altar of Fedhas.
    28 | D        | Found a radiant altar of Vehumet.
    28 | D        | Found a glowing silver altar of Zin.
    28 | D        | Found a corrupted altar of Lugonu.
    28 | D        | Found a viscous altar of Jiyva.
    28 | D        | Found a roughly hewn altar of Beogh.
    28 | D        | Found an iron altar of Okawaru.
    31 | D        | Became a worshipper of Sif Muna the Loreminder
    80 | D        | Reached skill level 1 in Fighting
    80 | D        | Reached XP level 2. HP: 10/16 MP: 1/11
    84 | D        | Learned a level 2 spell: Blink
    87 | D        | Learned a level 2 spell: Call Imp
    90 | D        | Learned a level 2 spell: Repel Missiles
    93 | D        | Learned a level 2 spell: Slow
   219 | D        | Reached skill level 1 in Charms
   303 | D        | Reached XP level 3. HP: 20/20 MP: 12/14
   310 | D        | Learned a level 3 spell: Conjure Flame
   315 | D        | Noticed Crazy Yiuf
   328 | D        | HP: 1/20 [Crazy Yiuf/quarterstaff of chaos (9)]
   341 | D        | Slain by Crazy Yiuf

Action                   || total
-------------------------++-------
Melee: Quarterstaff      ||     1
 Cast: Magic Dart        ||    30
       Blink             ||     5
       Conjure Flame     ||     2
       Call Imp          ||     1
  Use: Potion            ||     4
       Scroll            ||     1
